 Dungeon Crawl Stone Soup version 0.22-a0-803-gd6d8abe (webtiles) character file.

106 iamserjio the Firebug (level 4, 7/24 HPs)
             Began as a Tengu Fire Elementalist on July 22, 2018.
             Quit the game on level 2 of the Dungeon.
             The game lasted 00:08:03 (1117 turns).

iamserjio the Firebug (Tengu Fire Elementalist)     Turns: 1117, Time: 00:08:04

Health: 7/24       AC:  2    Str:  9    XL:     4   Next: 84%
Magic:  4/8        EV: 12    Int: 16    God:
Gold:   86         SH:  0    Dex: 14    Spells: 2/7 levels left

rFire    . . .     SeeInvis .   e - +0 short sword (holy)
rCold    . . .     Gourm    .   (no shield)
rNeg     . . .     Faith    .   a - +0 robe
rPois    .         Spirit   .   (helmet restricted)
rElec    .         Reflect  .   (no cloak)
rCorr    .         Harm     .   (no gloves)
MR       .....                  (boots unavailable)
Stlth    ++........             (no amulet)
HPRegen  0.08/turn              (no ring)
MPRegen  0.11/turn              (no ring)

@: starving
A: beak, talons 3
a: no special abilities


You were on level 2 of the Dungeon.
You were starving.

You visited 1 branch of the dungeon, and saw 3 of its levels.

You collected 86 gold pieces.

Inventory:

Hand Weapons
 b - a +0 dagger
 e - a +0 short sword of holy wrath (weapon)
 m - a +0 spear
Missiles
 f - 77 stones (quivered)
 k - 20 sling bullets
Armour
 a - a +0 robe (worn)
Scrolls
 d - a scroll of teleportation {unknown}
 g - 2 scrolls of remove curse {unknown}
 h - a scroll of blinking {unknown}
 i - a scroll of identify {unknown}
 j - 2 scrolls of magic mapping {unknown}
 l - a scroll of noise {unknown}
 n - a scroll of random uselessness {unknown}
 o - a scroll of fear {unknown}
Comestibles
 c - 2 rations


   Skills:
 - Level 2.1 Dodging
 - Level 2.0 Stealth
 - Level 2.0 Spellcasting
 + Level 4.2 Conjurations
 + Level 4.8 Fire Magic


You had 2 spell levels left.
You knew the following spells:

 Your Spells              Type           Power        Failure   Level  Hunger
a - Flame Tongue          Conj/Fire      ###..        3%          1    #......
b - Sticky Flame          Conj/Fire      ###.....     32%         4    #####..

Your spell library contained the following spells:

 Spells                   Type           Power        Failure   Level  Hunger
 Fireball                 Conj/Fire      ###.......   65%         5    ######.
 Conjure Flame            Conj/Fire      ###.....     10%         3    ###....
 Throw Flame              Conj/Fire      ###...       4%          2    ###....
 Inner Flame              Hex/Fire       #.......     24%         3    ###....


Dungeon Overview and Level Annotations

Branches:
Dungeon (3/15)

Altars:
Qazlal

Annotations:
D:2 Natasha


Innate Abilities, Weirdness & Mutations

You have a beak for a mouth.
You have claws for feet.


Message History

The gnoll burns!
The gnoll hits you with a spear!
* * * LOW HITPOINT WARNING * * *
You completely miss the gnoll. Your kick misses the gnoll.
The gnoll is severely wounded.
The gnoll burns!
The gnoll hits you with a spear.
* * * LOW HITPOINT WARNING * * *
You hit the gnoll. Your kick misses the gnoll.
The gnoll is almost dead.
The gnoll burns!
You kill the gnoll!
o - a scroll labeled EFECSY RETEH You see here a spear.
There isn't anything to butcher here.
There isn't anything to butcher here.
Okay, then.
You aren't carrying any potions.
Unknown command.
Okay, then.
You see here a throwing net {!f}.
Are you sure you want to abandon this character and quit the game? (Confirm with "yes".)

#.....g.......
#.#########.....
#..g.# ......
####.# #.g.$# #.#
..#..#
#.######.#..#
#<.....#.#[.#
#.####.#(#h.# #.#
.#@#..### #.#
.#.#)...# #.#
.#.#.##.# #.#
.#.#..#)# #.#
.#.h..#.# #.#
.######.###########
#.................
#.####.###########
#.####.# ...


You could see Natasha and a gnoll (wandering).

Vanquished Creatures
  Robin (D:2)
  A gnoll (D:2)
  2 adders (D:3)
  A worm (D:3)
  A dart slug (D:2)
  3 leopard geckos
  A ball python (D:2)
  13 goblins
  9 hobgoblins
  4 jackals (D:2)
  A quokka (D:3)
  3 bats
  5 frilled lizards
  A jackal skeleton (D:3)
  6 kobolds
  6 rats
58 creatures vanquished.

Notes
Turn   | Place    | Note
-------+----------+-------------------------------------------
     0 | D:1      | iamserjio the Tengu Fire Elementalist began the quest for the Orb.
     0 | D:1      | Reached XP level 1. HP: 10/10 MP: 4/4
   119 | D:1      | Reached XP level 2. HP: 9/15 MP: 1/6
   365 | D:2      | Reached XP level 3. HP: 11/19 MP: 2/7
   390 | D:2      | Noticed Robin
   469 | D:2      | Noticed Terence
   705 | D:3      | Reached XP level 4. HP: 14/24 MP: 6/8
   711 | D:3      | Learned a level 4 spell: Sticky Flame
   793 | D:2      | Killed Robin
   862 | D:2      | Found a stormy altar of Qazlal.
   938 | D:2      | Noticed Natasha
  1117 | D:2      | Quit the game

Vault maps used:
D:1:      lightli_molten_gateway
D:2:      nicolae_qazlal_eye_of_the_storm, uniq_terence, uniq_robin,
          uniq_natasha
D:3:      first_ration, serial_bayou_lake_a

Skill      XL: |  1  2  3  4 |
---------------+-------------+-----
Conjurations   | 2 3 4 |  4.2
Fire Magic     | 4 |  4.8
Dodging        | |  2.1
Stealth        | |  2.0
Spellcasting   | |  2.0

Action                   |  1- 3 |  4- 6 || total
-------------------------+-------+-------++-------
Melee: Short sword       |    49 |    26 ||    75
       Dagger            |     4 |       ||     4
       Kick              |     9 |     2 ||    11
       Peck              |     2 |     4 ||     6
 Cast: Flame Tongue      |    45 |    12 ||    57
       Sticky Flame      |       |     2 ||     2
  Use: Potion            |       |     1 ||     1
 Stab: Sleeping          |     5 |       ||     5
Armor: Robe              |    11 |    15 ||    26
Dodge: Dodged            |    35 |    36 ||    71

Table legend:
 A = Spawn XP
 B = Non-spawn XP
 C = Spawn XP percentage of total XP
 D = Spawn monster count
 E = Non-spawn monster count
 F = Spawn count percentage of total count
 G = Total turns spent on level
                    A         B        C        D         E        F      G
               +---------+---------+-------+---------+---------+-------+---------
         Total |       0 |     152 |   0.0 |       0 |      58 |   0.0 |  1117
               +---------+---------+-------+---------+---------+-------+---------
           D:1 |       0 |      26 |   0.0 |       0 |      16 |   0.0 |   282
           D:2 |       0 |      72 |   0.0 |       0 |      24 |   0.0 |   467
           D:3 |       0 |      54 |   0.0 |       0 |      18 |   0.0 |   368
               +---------+---------+-------+---------+---------+-------+---------
